[ AOE2 MATCH · #513854628 ]
UnrankedMalians vs Celts
Player's team · LOSS
Rival team · WIN
[ REPLAY ANALYSIS · EXTRACTED FROM THE RECORDED GAME ]
Feudal
8:53
Castle
—
Imperial
—
| APM avg | 70.5 |
| APM peak | 130 |
| eAPM avg | 25.2 |
| Villagers / military | 33 / 10 |
Focus
⚔️ 32.5% · 🌾 67.5%
Scout Cavalry ×6 · Militia ×3 · Spearman ×1
Feudal
8:50
Castle
—
Imperial
—
| APM avg | 82.6 |
| APM peak | 102 |
| eAPM avg | 33.1 |
| Villagers / military | 36 / 25 |
Focus
⚔️ 58.8% · 🌾 41.2%
Militia ×9 · Skirmisher ×7 · Archer ×5 · Spearman ×4
Match map
Initial resources + every placement click. Lines = walls · curves = elevation contours. ◆ gold · ⬟ stone · ● berries · ✦ relic · ◌ wall gap
Your base· Open — unwalled flank
OS+ | NeoZz's base· Open — unwalled flank
Smoothed initial terrain · ◌ = detected wall gap · hover for details
Inputs per minute
— ARC.Lighty - - OS+ | NeoZz
Build order — ARC.Lighty
87 actions detected in the replay
| 0:01 | Queue | Villager (Male) |
| 0:02 | Build | House |
| 0:02 | Build | House |
| 0:09 | Queue | Villager (Male) |
| 0:09 | Queue | Villager (Male) |
| 0:09 | Queue | Villager (Male) |
| 1:36 | Queue | Villager (Male) |
| 1:50 | Queue | Villager (Male) |
| 1:50 | Queue | Villager (Male) |
| 2:17 | Queue | Villager (Male) |
| 2:36 | Build | Lumber Camp |
| 2:50 | Queue | Villager (Male) |
| 2:59 | Queue | Villager (Male) |
| 3:30 | Build | House |
| 3:45 | Queue | Villager (Male) |
| 3:49 | Queue | Villager (Male) |
| 4:26 | Build | Mill |
| 4:32 | Queue | Villager (Male) |
| 4:32 | Queue | Villager (Male) |
| 5:16 | Queue | Villager (Male) |
| 5:25 | Build | Palisade Wall |
| 5:30 | Queue | Villager (Male) |
| 5:30 | Research | Loom |
| 6:41 | Build | House |
| 6:43 | Research | Feudal Age |
| 7:05 | Build | Barracks |
| 7:16 | Build | Palisade Wall |
| 7:25 | Build | Lumber Camp |
| 7:48 | Queue | Militia |
| 7:48 | Queue | Militia |
| 7:50 | Build | House |
| 8:01 | Build | Palisade Wall |
| 8:01 | Build | Palisade Wall |
| 8:09 | Build | Palisade Wall |
| 8:16 | Queue | Militia |
| 8:23 | Queue | Villager (Male) |
| 8:40 | Build | House |
| 8:53 | Age | Feudal Age |
| 9:02 | Research | Man-at-Arms (upgrade) |
| 9:05 | Queue | Villager (Male) |
| 9:09 | Build | Palisade Wall |
| 9:10 | Build | Palisade Wall |
| 9:46 | Queue | Villager (Male) |
| 9:59 | Queue | Villager (Male) |
| 10:21 | Build | Stable |
| 10:22 | Queue | Villager (Male) |
| 10:39 | Queue | Villager (Male) |
| 10:44 | Build | Farm |
| 10:44 | Build | Farm |
| 10:52 | Queue | Spearman |
| 10:59 | Build | Palisade Wall |
| 11:07 | Queue | Villager (Male) |
| 11:16 | Queue | Villager (Male) |
| 11:21 | Build | Farm |
| 11:21 | Build | Farm |
| 11:38 | Queue | Villager (Male) |
| 11:39 | Queue | Scout Cavalry |
| 11:54 | Queue | Villager (Male) |
| 11:56 | Build | Farm |
| 12:13 | Build | Farm |
| 12:16 | Build | Palisade Wall |
| 12:18 | Build | Palisade Wall |
| 12:20 | Queue | Scout Cavalry |
| 12:30 | Build | Palisade Wall |
| 12:36 | Build | Farm |
| 12:37 | Queue | Scout Cavalry |
| 12:39 | Build | House |
| 13:08 | Queue | Villager (Male) |
| 13:18 | Build | Farm |
| 13:26 | Queue | Scout Cavalry |
| 13:30 | Queue | Villager (Male) |
| 13:46 | Build | Farm |
| 13:48 | Build | Farm |
| 13:59 | Queue | Villager (Male) |
| 14:07 | Build | House |
| 14:23 | Queue | Villager (Male) |
| 14:27 | Queue | Scout Cavalry |
| 14:49 | Build | Farm |
| 14:50 | Build | Farm |
| 14:51 | Queue | Villager (Male) |
| 14:54 | Build | Farm |
| 14:55 | Queue | Scout Cavalry |
| 15:09 | Queue | Villager (Male) |
| 15:19 | Build | Watch Tower |
| 15:28 | Queue | Villager (Male) |
| 15:37 | Research | Horse Collar |
| 15:43 | Build | House |
Build order — OS+ | NeoZz
100 actions detected in the replay
| 0:01 | Queue | Villager (Male) |
| 0:01 | Queue | Villager (Male) |
| 0:02 | Build | House |
| 0:03 | Build | House |
| 0:15 | Queue | Villager (Male) |
| 0:25 | Queue | Villager (Male) |
| 1:29 | Queue | Villager (Male) |
| 1:29 | Queue | Villager (Male) |
| 2:00 | Queue | Villager (Male) |
| 2:20 | Queue | Villager (Male) |
| 2:25 | Build | Lumber Camp |
| 2:49 | Queue | Villager (Male) |
| 2:49 | Queue | Villager (Male) |
| 3:03 | Queue | Villager (Male) |
| 3:27 | Queue | Villager (Male) |
| 3:52 | Build | House |
| 3:58 | Queue | Villager (Male) |
| 3:58 | Queue | Villager (Male) |
| 4:25 | Build | Mill |
| 4:40 | Queue | Villager (Male) |
| 4:41 | Queue | Villager (Male) |
| 4:50 | Queue | Villager (Male) |
| 5:04 | Research | Loom |
| 6:03 | Build | Barracks |
| 6:38 | Research | Feudal Age |
| 6:43 | Build | House |
| 7:08 | Queue | Militia |
| 7:17 | Queue | Militia |
| 7:27 | Build | Mining Camp |
| 7:41 | Queue | Villager (Male) |
| 7:59 | Queue | Militia |
| 8:20 | Queue | Villager (Male) |
| 8:37 | Queue | Villager (Male) |
| 8:41 | Build | House |
| 8:42 | Build | House |
| 8:50 | Age | Feudal Age |
| 8:58 | Research | Man-at-Arms (upgrade) |
| 9:07 | Queue | Villager (Male) |
| 9:11 | Build | Archery Range |
| 9:23 | Build | Farm |
| 9:32 | Queue | Villager (Male) |
| 9:46 | Queue | Villager (Male) |
| 9:52 | Queue | Villager (Male) |
| 10:14 | Queue | Skirmisher |
| 10:16 | Build | Farm |
| 10:19 | Queue | Militia |
| 10:24 | Build | Farm |
| 10:27 | Queue | Skirmisher |
| 10:46 | Queue | Militia |
| 11:05 | Queue | Villager (Male) |
| 11:14 | Queue | Villager (Male) |
| 11:15 | Queue | Villager (Male) |
| 11:15 | Build | Farm |
| 11:18 | Build | Farm |
| 11:19 | Build | Farm |
| 11:21 | Queue | Skirmisher |
| 11:27 | Queue | Militia |
| 11:35 | Build | House |
| 11:39 | Queue | Militia |
| 11:58 | Build | Farm |
| 12:05 | Queue | Skirmisher |
| 12:07 | Queue | Villager (Male) |
| 12:18 | Queue | Skirmisher |
| 12:23 | Build | House |
| 12:24 | Build | House |
| 12:33 | Queue | Villager (Male) |
| 12:35 | Build | Farm |
| 12:38 | Build | Palisade Wall |
| 12:53 | Build | Farm |
| 12:55 | Queue | Archer |
| 12:57 | Queue | Skirmisher |
| 13:02 | Queue | Militia |
| 13:10 | Queue | Archer |
| 13:12 | Queue | Villager (Male) |
| 13:23 | Queue | Spearman |
| 13:44 | Build | Farm |
| 13:45 | Build | Farm |
| 13:46 | Queue | Villager (Male) |
| 13:47 | Queue | Archer |
| 13:49 | Build | House |
| 13:53 | Queue | Spearman |
| 14:00 | Queue | Villager (Male) |
| 14:23 | Queue | Spearman |
| 14:24 | Queue | Archer |
| 14:26 | Build | Farm |
| 14:27 | Build | Farm |
| 14:38 | Queue | Spearman |
| 14:53 | Queue | Villager (Male) |
| 14:54 | Build | Farm |
| 14:55 | Build | Farm |
| 15:01 | Build | Farm |
| 15:02 | Build | Farm |
| 15:15 | Queue | Archer |
| 15:16 | Queue | Villager (Male) |
| 15:17 | Research | Double-Bit Axe |
| 15:29 | Queue | Skirmisher |
| 15:31 | Queue | Militia |
| 15:34 | Build | Farm |
| 15:39 | Queue | Villager (Male) |
| 15:54 | Queue | Villager (Male) |
Match timeline
| 5:25 | ARC.Lighty · wall_segment Palisade Wall x4 |
| 6:03 | OS+ | NeoZz · first_building Barracks |
| 7:05 | ARC.Lighty · first_building Barracks |
| 7:16 | ARC.Lighty · wall_segment Palisade Wall x4 |
| 8:01 | ARC.Lighty · wall_segment Palisade Wall x1 |
| 8:01 | ARC.Lighty · wall_segment Palisade Wall x1 |
| 8:09 | ARC.Lighty · wall_segment Palisade Wall x1 |
| 8:50 | OS+ | NeoZz · age_up feudal |
| 8:53 | ARC.Lighty · age_up feudal |
| 9:09 | ARC.Lighty · wall_segment Palisade Wall x6 |
| 9:10 | ARC.Lighty · wall_segment Palisade Wall x10 |
| 9:11 | OS+ | NeoZz · first_building Archery Range |
| 10:21 | ARC.Lighty · first_building Stable |
| 10:59 | ARC.Lighty · wall_segment Palisade Wall x1 |
| 12:16 | ARC.Lighty · wall_segment Palisade Wall x1 |
| 12:18 | ARC.Lighty · wall_segment Palisade Wall x1 |
| 12:30 | ARC.Lighty · wall_segment Palisade Wall x1 |
| 12:38 | OS+ | NeoZz · wall_segment Palisade Wall x1 |
| 15:54 | ARC.Lighty · resign |
[ AI ANALYSIS · 1 CREDIT ]
What really happened in this match?
Wolo.gg analyzes every decision: build order, eco, micro, common mistakes by bracket. Personalized analysis on WhatsApp or Discord in 30 seconds.
Civ guide
Malians
Perfil
Jugador #738035